 Dungeon Crawl Stone Soup version 0.17.0-24-gcfadda4 (webtiles) character file.

7 Gorice the Grasshopper (level 1, 0/15 HPs)
             Began as a Demonspawn Wanderer on Nov 15, 2015.
             Slain by an ooze (3 damage)
             ... on level 1 of the Dungeon.
             The game lasted 00:01:44 (403 turns).

Gorice the Grasshopper (Demonspawn Wanderer)         Turns: 403, Time: 00:01:44

Health: 0/15       AC:  2    Str:  8 (12) XL:     1   Next: 91%
Magic:  2/2        EV: 12    Int: 13      God:
Gold:   43         SH:  0    Dex: 12      Spells: 0 memorised, 2 levels left

rFire  . . .     SeeInvis .     e - +0 club
rCold  . . .     Clarity  .     d - +0 robe
rNeg   . . .     SustAt   .     (no shield)
rPois  .         Gourm    .     (no helmet)
rElec  .         Spirit   .     (no cloak)
rCorr  .         Warding  .     (no gloves)
rMut   .         Stasis   .     (no boots)
MR     .....                    (no amulet)
Stlth  ++........               (no ring)
                                (no ring)

@: not resistant to hostile enchantments, unstealthy
A: no striking features
a: no special abilities


You were on level 1 of the Dungeon.
You were not hungry.

You visited 1 branch of the dungeon, and saw 1 of its levels.

You collected 43 gold pieces.

Inventory:

Hand Weapons
 e - a +0 club (weapon)
 k - a +0 hand axe
Missiles
 Z - 27 stones (quivered)
Armour
 d - a +0 robe (worn)
Scrolls
 g - a scroll of magic mapping {unknown}
 h - a scroll of identify {unknown}
 i - a scroll of remove curse {unknown}
Potions
 l - a potion of degeneration {!q}
Books
 a - a book of Minor Magic
 b - the Catalogue of Conjuration

   Spells                             Type                      Level
   a - Flame Tongue                   Conjuration/Fire             1
   b - Static Discharge               Conjuration/Air              3
 c - the Almanac of Poison

   Spells                             Type                      Level
   a - Sting                          Conjuration/Poison           1
   b - Spider Form                    Transmutation/Poison         3
Comestibles
 f - a bread ration {!e}
 m - a chunk of flesh


   Skills:
 * Level 1.5 Fighting
 + Level 1.5 Dodging
 - Level 1.0 Stealth
 - Level 1.0 Spellcasting
   Level 2.6 Translocations
   Level 1.0 Poison Magic
   Level 2.0 Evocations


You had 2 spell levels left.
You didn't know any spells.

Dungeon Overview and Level Annotations

Branches:
Dungeon (1/15)

Altars:


Message History

The bat is severely wounded.
The bat barely misses you. The bat hits you but does no damage.
You miss the bat.
The bat is severely wounded.
The bat misses you. The bat hits you but does no damage.
You hit the bat.
You kill the bat!
The ooze hits you.
Damage: 1 (max 5)
You hit the ooze.
The ooze is heavily wounded.
The ooze barely misses you.
You barely miss the ooze.
The ooze is heavily wounded.
The ooze barely misses you.
You barely miss the ooze.
The ooze is heavily wounded.
The ooze misses you.
You hit the ooze.
The ooze is severely wounded.
The ooze hits you. x2
Damage: 5 (max 5)
You hit the ooze but do no damage.
The ooze is severely wounded.
The ooze barely misses you.
You hit the ooze.
The ooze is severely wounded.
The ooze barely misses you.
You hit the ooze but do no damage.
The ooze is severely wounded.
The ooze closely misses you. The ooze hits you.
* * * LOW HITPOINT WARNING * * *
Damage: 2 (max 5)
You are too injured to fight recklessly!
You are too injured to fight recklessly!
You are too injured to fight recklessly!
You are too injured to fight recklessly!
You are too injured to fight recklessly!
You hit the ooze but do no damage.
The ooze is severely wounded.
The ooze hits you.
* * * LOW HITPOINT WARNING * * *
Damage: 1 (max 5)
You barely miss the ooze.
The ooze is severely wounded.
The ooze closely misses you.
You hit the ooze.
The ooze is almost dead.
The ooze closely misses you. The ooze hits you.
You die...

##.##......#.##+##.#.##.#.#
..........#.... .....##.#.#
##.##.....##.#.#.#.#.##.#.#
##.##....##.#######..##.#.#
#.##..####.# ..##.#.#
#.##..# #.# #..##.#.#
#.##..####.# #..##.#.#
#..........######...##.#.#
####..#.......J@..#.##.#.#
.#..#.#.######..#.##.#.#
#...#....### #..#.##.#.#
##.........# #..#.##.#.#
#........#.# ...#.##.#.#
........##.##.#.#.##.#.#
#...........#.#.#.##.#.#
#..#........#.#........#
##...................###


You could see an ooze.

Vanquished Creatures
  A giant cockroach (D:1)
  A goblin (D:1)
  A hobgoblin (D:1)
  A bat (D:1)
  A kobold (D:1)
  3 rats (D:1)
8 creatures vanquished.

Notes
Turn   | Place    | Note
--------------------------------------------------------------
     0 | D:1      | Gorice the Demonspawn Wanderer began the quest for the Orb.
     0 | D:1      | Gorice set off with: a book of Minor Magic, the Catalogue of Conjuration, the Almanac of Poison, a +0 robe, a +0 club, a bread ration {!e}
     0 | D:1      | Reached XP level 1. HP: 15/15 MP: 2/2
     0 | D:1      | Identified the Catalogue of Conjuration
     0 | D:1      | Identified the Almanac of Poison
   349 | D:1      | HP: 3/15 [ooze (2)]
   367 | D:1      | HP: 3/15 [bat (1)]
   380 | D:1      | HP: 3/15 [bat (1)]
   383 | D:1      | HP: 1/15 [bat (1)]
   400 | D:1      | HP: 4/15 [ooze (2)]
   403 | D:1      | Slain by an ooze

Action                   || total
-------------------------++-------
Melee: Club              ||    46
  Use: Potion            ||     2
 Stab: Sleeping          ||     2

Table legend:
 A = Turns spent in this place as a percentage of turns spent in the entire game.
 B = Non-inter-level travel turns spent in this place as a percentage of non-inter-level travel turns spent in the entire game.
 C = Inter-level travel turns spent in this place as a percentage of turns spent in this place.
 D = Turns resting spent in this place as a percentage of non-inter-level travel turns spent in this place.
 E = Turns spent auto-exploring this place as a percentage of non-inter-level travel turns spent in this place.
 F = Non-inter-level travel turns spent in this place divided by the number of levels of this place that you've seen.
                   A       B       C       D       E      F
               +-------+-------+-------+-------+-------+----------------------
         Total | 100.0 | 100.0 |   0.0 |   0.0 |   7.0 | 171.0
       Dungeon | 100.0 | 100.0 |   0.0 |   0.0 |   7.0 | 171.0
               +-------+-------+-------+-------+-------+----------------------

Vault maps used:
D:1:      saegor_arrival_simple_f, amethyst_killhole, minmay_misc_feat_doors
